 Dungeon Crawl Stone Soup version 0.30.0-5-g1a98f26d00 (webtiles) character file.

Game seed: 6778424408275303950

1803 monsoonserge the Arsonist (level 9, -2/52 HPs)
             Began as a Kobold Cinder Acolyte on May 13, 2023.
             Was a High Priest of Ignis.
             Slain by a hell rat (7 damage)
             ... on level 6 of the Dungeon.
             The game lasted 00:28:44 (7322 turns).

monsoonserge the Arsonist (Kobold Cinder Acolyte)   Turns: 7322, Time: 00:28:45

Health: -2/52      AC:  4    Str: 18    XL:     9   Next: 30%
Magic:  1/12       EV: 15    Int: 15    God:    Ignis [*****.]
Gold:   227        SH:  0    Dex: 14    Spells: 10/12 levels left

rFire   + . .        a - -1 short sword (flame)
rCold   + . .        (no shield)
rNeg    . . .        A - +0 leather armour {rC+}
rPois   .            (no helmet)
rElec   .            C - +0 cloak
rCorr   .            (no gloves)
SInv    .            (no boots)
Will    .....        (no amulet)
Stlth   +++          c - +6 ring of strength
HPRegen 0.28/turn    (no ring)
MPRegen 0.13/turn

%: no passive effects
@: no status effects
A: small, no large weapons, nightstalker 3
a: Renounce Religion, Fiery Armour, Foxfire Swarm, Rising Flame


You were on level 6 of the Dungeon.
You worshipped Ignis.
Ignis was extremely pleased with you.
You visited 2 branches of the dungeon, and saw 7 of its levels.
You also visited: Sewer.

You collected 266 gold pieces.
You spent 39 gold pieces at shops.

Inventory:

Hand Weapons
 a - a -1 short sword of flaming (weapon)
 r - a +0 sling
 w - the +6 war axe of Mumielet {freeze, *Slow rF+ rN+ Stlth+}
   (You found it on level 5 of the Dungeon)

   rF:        It protects you from fire.
   rN:        It protects you from negative energy.
   *Slow:     It may slow you when you take damage.
   Stlth:     It makes you more stealthy.
 B - a +2 quarterstaff of chaos
Missiles
 e - 2 throwing nets
 q - 24 stones (quivered)
 t - 21 poisoned darts
Armour
 d - a +0 scale mail
 g - a +0 ring mail
 A - a +0 leather armour of cold resistance (worn)
 C - a +0 cloak (worn)
Magical Staves
 s - a staff of air
Jewellery
 c - a +6 ring of strength (left hand)
Scrolls
 f - 11 scrolls of identify {unknown}
 i - a scroll of amnesia {unknown}
 j - 2 scrolls of vulnerability {unknown}
 k - a scroll of enchant weapon {unknown}
 n - 4 scrolls of teleportation
 u - 2 scrolls of brand weapon {unknown}
 v - a scroll of magic mapping {unknown}
 x - a scroll of poison {unknown}
 y - a scroll of fog {unknown}
Potions
 h - a potion of resistance {unknown}
 l - a potion of curing {unknown}
 m - 2 potions of mutation {unknown}
 o - 2 potions of haste {unknown}
 p - a potion of lignification {unknown}
 z - 2 potions of cancellation {unknown}


   Skills:
 + Level 4.4 Fighting
 + Level 7.1 Short Blades
 + Level 0.3 Throwing
 - Level 4.0 Armour
 + Level 3.2 Dodging
 + Level 4.2 Stealth
 - Level 2.0 Spellcasting
 + Level 8.1 Fire Magic


You had 10 spell levels left.
You knew the following spells:

 Your Spells              Type           Power      Damage    Failure   Level
a - Scorch                Fire           50%        2d7       1%          2

Your spell library contained the following spells:

 Spells                   Type           Power      Damage    Failure   Level
 Summon Guardian Golem    Hex/Summ       1%         N/A       61%         3
 Leda's Liquefaction      Hex/Erth       0%         N/A       95%         4
 Lee's Rapid Deconstruct  Erth           0%         3d4*      100%        5
 Statue Form              Tmut/Erth      0%         N/A       100%        6
 Orb of Destruction       Conj           0%         9d5       100%        7
 Spellforged Servitor     Conj/Summ      0%         N/A       100%        7


Dungeon Overview and Level Annotations

Branches:
Dungeon (6/15)             Temple (1/1) D:4           Sewer (visited)

Altars:
Ashenzari
Cheibriados
Dithmenos
Elyvilon
Fedhas
Hepliaklqana
Kikubaaqudgha
Makhleb
Nemelex Xobeh
Okawaru
Sif Muna
Trog
Uskayaw
Vehumet
Wu Jian
Xom
Yredelemnul
The Shining One

Shops:
D:5 ?


Innate Abilities, Weirdness & Mutations

You are small and have problems with some larger weapons.
You are completely attuned to the shadows.


Message History

You hit the river rat. You burn the river rat.
The river rat is moderately wounded.
Casting: Scorch (safe; 1% risk of failure)
Confirm with . or Enter, or press ? or * to list all spells.
Flames lash the river rat.
The river rat is burned terribly!
You kill the river rat!
The river rat closely misses you.
Unknown command.
You closely miss the river rat.
The river rat is moderately wounded.
The river rat completely misses you.
Casting: Scorch (safe; 1% risk of failure)
Confirm with . or Enter, or press ? or * to list all spells.
Okay, then.
Casting: Scorch (safe; 1% risk of failure)
Confirm with . or Enter, or press ? or * to list all spells.
Okay, then.
Casting: Scorch (safe; 1% risk of failure)
Confirm with . or Enter, or press ? or * to list all spells.
Flames lash the river rat.
The river rat is severely wounded.
The river rat's fire resistance burns away.
The river rat is no longer more vulnerable to fire.
The river rat bites you but does no damage.
You hit the river rat but do no damage.
The river rat is severely wounded.
The river rat closely misses you.
You hit the river rat. You burn the river rat.
You kill the river rat!
Casting: Scorch (safe; 1% risk of failure)
Confirm with . or Enter, or press ? or * to list all spells.
Flames lash the hell rat.
The hell rat is severely wounded.
The hell rat's fire resistance burns away.
The hell rat bites you!
* * * LOW HITPOINT WARNING * * *
You hit the hell rat but do no damage.
The hell rat is severely wounded.
The hell rat bites you!
You die...

#.#..# #.#
#..#..# ##.#
#..#..r.#.##
#..#r.rr##.#
#.###.r.#.##
#†## ##.#
##r# ##.##
#.####†##
##r##@##
##.#r#
#.#r## #####


You could see a hell rat (combustible) and a river rat.

Vanquished Creatures
  Grinder (D:4)
  An ogre (D:6)
  A black bear (D:4)
  A phantom (D:5)
  4 kobold brigands (Sewer)
  Blork the orc (D:4)
  4 scorpions
  7 hounds
  A jelly (D:5)
  Crazy Yiuf (D:5)
  An orc priest (D:6)
  An iguana (D:4)
  An orc wizard (D:6)
  A hell rat (D:6)
  7 adders
  21 river rats
  10 worms
  6 dart slugs
  19 orcs
  6 ball pythons
  4 bats
  6 endoplasms
  A giant cockroach (D:3)
  4 goblins
  9 hobgoblins
  6 jackals
  6 quokkas
  3 frilled lizards
  7 kobolds
  3 rats
144 creatures vanquished.

Notes
Turn   | Place    | Note
-------+----------+-------------------------------------------
     0 | D:1      | monsoonserge the Kobold Cinder Acolyte began the quest for
                  | the Orb.
     0 | D:1      | Reached XP level 1. HP: 14/14 MP: 2/2
   360 | D:1      | Reached XP level 2. HP: 19/19 MP: 3/3
   363 | D:1      | Learned a level 2 spell: Scorch
  1147 | D:2      | Reached XP level 3. HP: 18/23 MP: 4/4
  1816 | D:3      | Reached XP level 4. HP: 21/28 MP: 5/5
  2122 | D:3      | Found a snail-covered altar of Cheibriados.
  2242 | D:3      | Reached skill level 5 in Short Blades
  2248 | D:3      | Reached skill level 1 in Dodging
  2649 | D:3      | Reached skill level 1 in Armour
  2839 | D:4      | Reached XP level 5. HP: 14/32 MP: 2/6
  3022 | D:4      | Noticed a black bear
  3032 | D:4      | Killed a black bear
  3033 | D:4      | Reached skill level 4 in Fire Magic
  3033 | D:4      | Reached XP level 6. HP: 13/38 MP: 2/8
  3220 | D:4      | Found a staircase to the Ecumenical Temple.
  3227 | Temple   | Entered the Ecumenical Temple
  3558 | D:4      | Noticed Blork the orc
  3995 | D:4      | Reached skill level 1 in Stealth
  4043 | D:4      | Noticed Grinder
  4056 | D:4      | Paralysed by Grinder for 5 turns
  4067 | D:4      | Killed Grinder
  4068 | D:4      | Reached XP level 7. HP: 27/42 MP: 1/10
  4186 | D:4      | Reached skill level 5 in Fire Magic
  4520 | D:4      | Killed Blork the orc
  4521 | D:4      | Reached XP level 8. HP: 31/48 MP: 5/11
  4758 | D:5      | Entered Level 5 of the Dungeon
  4970 | D:5      | Found Ehamuf's Magic Scroll Emporium.
  4975 | D:5      | Bought a scroll of teleportation for 39 gold pieces
  4976 | D:5      | Identified the +6 war axe of Mumielet {freeze, *Slow rF+
                  | rN+ Stlth+}
  5019 | D:5      | Found a bloodstained altar of Trog.
  5191 | D:5      | Found a glowing drain.
  5246 | Sewer    | Entered a sewer
  5305 | Sewer    | Reached skill level 6 in Fire Magic
  6247 | D:5      | Reached skill level 7 in Fire Magic
  6498 | D:5      | Reached XP level 9. HP: 52/52 MP: 12/12
  6699 | D:5      | Found a burning altar of Makhleb.
  6749 | D:5      | Found a runed translucent door.
  6753 | D:5      | Noticed Crazy Yiuf
  6783 | D:5      | Killed Crazy Yiuf
  7185 | D:6      | Reached skill level 8 in Fire Magic
  7322 | D:6      | Slain by a hell rat

Illustrated notes

Levels and vault maps discovered:
D:1:      dpeg_arrival_snail, layout_basic,
          wander_ebering_terrifying_dragon_lair
D:2:      layout_basic
D:3:      layout_basic, kennysheep_slug_shrine
D:4:      layout_loops_corners, minmay_temple_entry_slanted, st_stairs_11,
          chequers_serial_rivers_micro_c, uniq_blork_the_orc, uniq_grinder
D:5:      layout_basic, trog_three_pillars_becter, makhleb_blood_cavern_becter,
          serial_shops, nicolae_shop_rolling_square, gup_sewer_entry_spiral,
          uniq_crazy_yiuf_cottage
D:6:      wander_guarded_unrand_ratskin, layout_rooms,
          grunt_temple_overflow_gold_and_silver, kennysheep_mini_moat
Temple:   regret_index_temple_generic_petals

Skill      XL: |  1  2  3  4  5  6  7  8  9 |
---------------+----------------------------+-----
Short Blades   | 5 6 7 |  7.1
Dodging        | 1 2 3 |  3.2
Armour         | 1 2 3 4 |  4.0
Fire Magic     | 4 5 7 8 |  8.1
Stealth        | 1 2 3 4 |  4.2
Spellcasting   | 2 |  2.0
Fighting       | 4 |  4.4
Throwing       | |  0.3

Action                     |  1- 3 |  4- 6 |  7- 9 || total
---------------------------+-------+-------+-------++-------
  Melee: Short sword       |   124 |   160 |   296 ||   580
         Punch             |     1 |     5 |     3 ||     9
  Throw: Stone             |       |    16 |     3 ||    19
   Cast: Scorch            |     2 |    19 |    85 ||   106
   Stab: Sleeping          |       |     3 |    16 ||    19
         Distracted        |       |       |     1 ||     1
 Armour: Scale mail        |    40 |    25 |       ||    65
         Ring mail         |       |    22 |    33 ||    55
         Leather armour    |       |       |     9 ||     9
  Dodge: Dodged            |    63 |    77 |   154 ||   294
